[Event "4th Tata Steel India Blitz Women 2022"]
[Site "Kolkota"]
[Date "2022.12.04"]
[Round "12.5"]
[White "Muzychuk, Anna"]
[Black "Savitha Shri B"]
[Result "1-0"]
[ECO "A03"]
[WhiteElo "2525"]
[BlackElo "2411"]
[Annotator "TA"]
[PlyCount "61"]
[EventDate "2022.11.29"]
[EventType "tourn"]
[EventCountry "IND"]
[SourceTitle "playchess.com"]
[Source "ChessBase"]
[SourceQuality "1"]
[TimeControl "180+2"]

1. f4 Nf6 2. Nf3 d5 3. g3 c5 4. Bg2 Nc6 5. O-O e6 6. d3 Qb6 {[%emt 0:00:32] A03: Bird's Opening with 1...d5.} 7. Qe1 {[%emt 0:00:20] [#]} c4+ $146 ({Predecessor:} 7... Nb4 8. Na3 Bd7 9. c3 Nc6 10. e4 O-O-O 11. e5 Ne8 12. Ng5 f6 13. Nf7 Rg8 14. Nxd8 Kxd8 {1-0 (30) Khudovekov,M (1624)-Maciuityte,M (1456) Klaipeda 2013}) 8. Kh1 cxd3 {[%emt 0:00:26] The position is equal.} 9. cxd3 Bb4 10. Bd2 Ng4 11. e4 (11. Bxb4 $11 Qxb4 12. Qxb4 Nxb4 13. Rc1) 11... dxe4 (11... Bc5 $15) 12. dxe4 $11 O-O (12... Bxd2 $11 13. Qxd2 O-O) 13. Nc3 $1 $14 Rd8 14. h3 Bxc3 15. Bxc3 (15. bxc3 $16 Nf6 16. e5) 15... Ne3 $36 {[%emt 0:00:09][%mdl 2048] Black is pushing. Pair of Knights!} 16. Qe2 {[%emt 0:00:15] [#] Inhibits Nc2.} Nxf1 $17 17. Rxf1 Bd7 18. Nh4 (18. Re1 $142) 18... Ne7 $2 ({Black should try} 18... Nd4 $19 19. Qg4 f6) 19. Qh5 (19. Qg4 $1 $15 Ng6 20. f5) 19... Qb5 20. f5 exf5 {[%emt 0:00:00] aiming for ...f6.} 21. exf5 (21. Qg5 {might work better.} Ng6 22. a4) 21... Bc6 22. Rf4 (22. Qg4 Bxg2+ 23. Kh2) 22... Bxg2+ 23. Nxg2 Qc6 (23... f6 $142 24. Kh2 Rd7) 24. Bxg7 $2 (24. f6 Rd5 25. Qg4) 24... Kxg7 $4 ({Don't blunder} 24... Rd2 $2 25. Qf3 Qxf3 26. Rxf3 Kxg7 27. f6+ Kf8 28. fxe7+ Kxe7 29. Ne3 $19) (24... Qc1+ $19 {and all is fine.} 25. Kh2 Rd1) 25. f6+ $18 Kh8 {[%emt 0:00:02] [#]} (25... Qxf6 {was necessary.} 26. Rxf6 Kxf6 27. Qh4+ (27. Qxh7 Rd1+ 28. Kh2 Ng6 $14) 27... Ke6 28. Nf4+ (28. Qxh7 Ng6 $16) 28... Kd7 29. Qxh7 Ke8 30. Qh8+ Kd7) 26. fxe7 $4 (26. Rh4 $1 $18 Qc2 27. fxe7 Qd1+ 28. Kh2 Qxh5 29. exd8=Q+ Rxd8 30. Rxh5) 26... Rd6 $4 (26... Rd2 $19 27. Qe5+ f6 28. Qxf6+ Qxf6 29. Rxf6 Kg8) 27. Rxf7 {[%emt 0:00:00][%csl Gf7][%cal Rh5h7,Bf4f7,Bf7f8,Bf8a8][%mdl 32] White mates.} Qc1+ 28. Kh2 Qh6 29. Qxh6 Rxh6 30. Rf8+ Kg7 31. Rxa8 {[%emt 0:00:02] Weighted Error Value: White=0.82/Black=0.79} 1-0

[Event "4th Tata Steel India Blitz Women 2022"]
[Site "Kolkota"]
[Date "2022.12.04"]
[Round "13.1"]
[White "Vaishali, Rameshbabu"]
[Black "Muzychuk, Anna"]
[Result "0-1"]
[ECO "D78"]
[WhiteElo "2454"]
[BlackElo "2525"]
[Annotator "TA"]
[PlyCount "94"]
[EventDate "2022.11.29"]
[EventType "tourn"]
[EventCountry "IND"]
[SourceTitle "playchess.com"]
[Source "ChessBase"]
[SourceQuality "1"]
[TimeControl "180+2"]

1. Nf3 d5 2. g3 g6 3. Bg2 Bg7 4. d4 Nf6 5. c4 c6 6. O-O O-O 7. a4 {[%emt 0:00:02] 7.Nc3 is a critical line. D78: Fianchetto Grünfeld: 6 0-0 c6.} a5 8. Na3 Na6 9. cxd5 {[%emt 0:00:13] The position is equal.} cxd5 10. Qb3 Nb4 11. Bd2 Nc6 12. Nb5 Bf5 {[%emt 0:00:18] [#]} 13. Rac1 $146 ({Predecessor:} 13. Rfc1 Be4 14. e3 Qb6 15. Qd1 Rfc8 16. Ra3 Nb4 17. Rac3 Rxc3 18. Bxc3 Nc6 19. Bh3 Bxf3 20. Qxf3 {½-½ (50) Yuffa,D (2603)-Aarav,D (2309) Paris 2022}) 13... Rc8 14. Bf4 Nh5 15. Be3 Nf6 16. h3 Be4 17. Bf4 Qb6 18. Be3 Rfd8 19. Ne5 {[%emt 0:00:02][%cal Oe5f7] Threatens to win with Nxf7!} Bxg2 20. Kxg2 {[%emt 0:00:02][%cal Oe5f7] Strongly threatening Nxf7!} Ne4 $2 {[%emt 0:00:10] [#]} (20... Qa6 $14) 21. Rfd1 $2 (21. Nxf7 $1 $18 {[%cal Of2f3][%mdl 512] aiming for f3!} Rd7 22. f3) 21... e6 {[%emt 0:00:17] [#]} (21... Nb4 $11 {and Black has nothing to worry.}) 22. f3 $2 (22. Nxf7 $1 $18 Rf8 23. Ne5 Rxf2+ 24. Bxf2 Bxe5 25. Rd3) 22... Nd6 $11 23. Rc2 {[%emt 0:00:03] [#]} (23. Rc5 $11) 23... Nxb5 $1 $17 24. axb5 $2 (24. Rdc1 $17) 24... Nb4 25. Rxc8 Rxc8 26. Nd3 Qxb5 27. Nxb4 $2 (27. Ra1) 27... Qxe2+ $19 ({Stronger than} 27... axb4 28. Kf1 $17) ({And not} 27... Qxb4 28. Qxb4 axb4 29. Ra1 $17) 28. Bf2 axb4 29. Re1 Qc4 ({But not} 29... Qd2 $2 30. Rd1 Qe2 31. Re1 $19) 30. Qe3 Qa2 31. Re2 Qb1 32. Qb3 Rc4 33. Qa4 $2 (33. Rd2) 33... Bxd4 $2 (33... Qd3 $19 {has better winning chances.} 34. Rxe6 fxe6 35. Qe8+ Bf8 36. Qxe6+ Kg7 37. Qe5+ Kf7 38. Qxd5+ Ke7 39. Qxb7+ Ke6) 34. Bxd4 $17 Rxd4 $19 {[%emt 0:00:00][%mdl 4096] Endgame KQR-KQR} 35. Qe8+ $2 (35. Qa7 $17 Rc4 36. Qb8+ Kg7 37. Qe5+ Kh6 38. Qh8) 35... Kg7 {[%emt 0:00:01] ...Rd1 is the strong threat.} 36. Qb8 {[%emt 0:00:02] Black must now prevent Qe5+.} Qf5 37. g4 Qf4 38. Qxb7 (38. Qxf4 $19 Rxf4 39. Kg3) 38... Rd2 {[%emt 0:00:02] Black mates.} 39. Rxd2 Qxd2+ {[%emt 0:00:01] KQ-KQ} 40. Kg3 Qxb2 41. Qc7 Qc3 42. Qa5 Qe5+ 43. Kg2 b3 44. Qb5 b2 45. h4 Qc3 46. Kg3 Qe1+ 47. Kf4 b1=Q {[%emt 0:00:02] Weighted Error Value: White=0.73/Black=0.49} 0-1

[Event "4th Tata Steel India Blitz Women 2022"]
[Site "Kolkota"]
[Date "2022.12.04"]
[Round "13.2"]
[White "Savitha Shri B"]
[Black "Muzychuk, Mariya"]
[Result "0-1"]
[ECO "B40"]
[WhiteElo "2411"]
[BlackElo "2528"]
[Annotator "TA"]
[PlyCount "104"]
[EventDate "2022.11.29"]
[EventType "tourn"]
[EventCountry "IND"]
[SourceTitle "playchess.com"]
[Source "ChessBase"]
[SourceQuality "1"]
[TimeControl "180+2"]

1. e4 c5 2. Nf3 e6 3. d4 cxd4 4. Nxd4 Nf6 5. Bd3 Nc6 6. Nxc6 bxc6 7. O-O d5 8. exd5 cxd5 9. c4 Be7 10. cxd5 {[%emt 0:00:08] B40: Sicilian: 2...e6, Unusual lines.} Nxd5 11. Bb5+ Bd7 12. Bxd7+ {[%emt 0:00:15] The position is equal.} Qxd7 13. Nc3 Nxc3 14. Qxd7+ Kxd7 15. bxc3 Rhc8 {[%emt 0:00:10][%cal Oe7f6] [#]} 16. Be3 $146 ({Predecessor:} 16. Bd2 Bf6 17. Rfc1 Rab8 18. Rc2 Rb7 19. Kf1 Rbc7 20. Rac1 Rc4 21. Ke2 Bd4 22. Be3 Bxe3 23. Kxe3 {0-1 (52) Kardzovic,D (2060)-Cvetkovic,D (2103) Serbia 2011}) 16... Bf6 17. Rab1 Rc7 {[%emt 0:00:19] Inhibits Rb7.} 18. c4 Rac8 (18... Rxc4 $17 19. g3 Ra4) 19. c5 (19. Rfc1 {simplifies} Rxc4 20. Rb7+ R4c7 21. Rcxc7+ Rxc7 22. Rxa7 Rxa7 23. Bxa7 Kc6 24. Kf1) 19... Be7 20. Bd4 (20. Bf4 $11 {remains equal.}) 20... f6 21. Rfd1 Ke8 22. c6 {[%emt 0:00:04] White is on the road to losing.} a6 23. h4 Rxc6 24. Rb2 (24. Be3 $17 {keeps fighting.}) 24... Rc2 (24... Rd8 $19 {aiming for ...e5.} 25. Rdd2 Rc1+ 26. Kh2 Rc4) 25. Rd2 $2 {[%emt 0:00:03] Inhibits e5.} (25. Rb6 $17) 25... Rxd2 $19 26. Rxd2 {[%emt 0:00:01][%mdl 4096] Endgame KRB-KRB} Rd8 $1 {[%emt 0:00:07] ...Bb4 is the strong threat.} 27. Kf1 $2 (27. Bc3 Rxd2 28. Bxd2) 27... e5 28. Be3 Rxd2 29. Bxd2 {[%emt 0:00:01] KB-KB} Kd7 30. Ke2 (30. g4 {was forced.}) 30... Ke6 31. Kd3 Kd5 32. f3 f5 33. h5 g6 34. hxg6 (34. Be1 $142 gxh5 35. Ke3) 34... hxg6 35. Bc3 Bc5 $2 (35... e4+ 36. fxe4+ fxe4+ 37. Ke2 Bd8) 36. Bb2 $2 (36. Ba5) 36... Bd4 37. Ba3 e4+ 38. fxe4+ $2 (38. Ke2 Ke5 39. Bf8) 38... fxe4+ 39. Ke2 Kc4 40. Be7 Kc3 {[%emt 0:00:03] And now ...a5 would win.} 41. g4 (41. Bg5 $19) 41... a5 42. Bd8 a4 43. Be7 Kc4 (43... Kb2 $142 44. Kd1 Kxa2 45. Kc2 e3 46. g5 Bb2 47. Bc5 e2 48. Bf2 {[#]} Bd4 $1 49. Be1 a3 50. Bg3 Be5 $1 51. Bf2 Bf4 52. Bh4 Bd6 53. Be1 Bc7 54. Bh4 Ba5 55. Bf2 e1=Q 56. Bxe1 Bxe1 57. Kd1 Bc3 58. Kc2 Bb4 59. Kc1 Kb3 60. Kd1 a2 61. Ke2 a1=Q 62. Kf2 Qe1+ 63. Kg2 Qe2+ 64. Kg3 Bd6+ 65. Kh3 Qf3+ 66. Kh4 Qh5#) 44. Bf8 (44. g5 $142) 44... Kc3 (44... e3 $19 45. Ba3 Kc3) 45. Be7 $1 Kb2 {[%emt 0:00:01] Black mates.} 46. a3 Kb3 47. g5 Kc4 48. Bf8 Bc5 49. Bg7 Bxa3 50. Ke3 Kd5 51. Ba1 Bc5+ 52. Ke2 Be7 {[%emt 0:00:03] Weighted Error Value: White=0.75/Black=0.55} 0-1

[Event "4th Tata Steel India Blitz Women 2022"]
[Site "Kolkota"]
[Date "2022.12.04"]
[Round "13.3"]
[White "Kiolbasa, Oliwia"]
[Black "Kulkarni Bhakti"]
[Result "1-0"]
[ECO "B07"]
[WhiteElo "2406"]
[BlackElo "2359"]
[Annotator "TA"]
[PlyCount "81"]
[EventDate "2022.11.29"]
[EventType "tourn"]
[EventCountry "IND"]
[SourceTitle "playchess.com"]
[Source "ChessBase"]
[SourceQuality "1"]
[TimeControl "180+2"]

1. e4 d6 2. d4 Nf6 3. Bd3 e5 4. Nf3 Nbd7 5. O-O Be7 6. c3 O-O 7. Re1 Re8 {[%emt 0:00:08] B07: Pirc Defence: Miscellaneous Systems.} 8. Nbd2 c6 {[%emt 0:00:04] is the legacy move (8...Bf8).} 9. a4 Qc7 {[%emt 0:00:02] White is slightly better.} 10. Nf1 Nf8 11. Ng3 {[%emt 0:00:17] [#]} g6 $146 ({Predecessor:} 11... Ng6 12. Nf5 h6 13. dxe5 dxe5 14. Bc4 Bf8 15. Qb3 Be6 16. Bxe6 Rxe6 17. a5 Ree8 {½-½ (81) Pop,A (2285)-Calin,A (2143) Slanic Moldova 2017}) 12. a5 Ne6 13. Bc4 Rb8 14. Ng5 Nxg5 15. Bxg5 b5 16. axb6 axb6 17. Qb3 d5 (17... Bd8 $1 $11) 18. exd5 $16 cxd5 19. Bb5 {[%emt 0:00:14] White is much more active. The black rooks are badly placed.} Bd7 (19... Nd7 $16) 20. dxe5 Ng4 21. Bf4 {[%emt 0:00:22] [#]} ({Much less strong is} 21. Qxd5 $6 Bxb5 22. Bxe7 Rxe7 $16) (21. Bxe7 $18 Rxe7 22. Bxd7 (22. Qxd5 Bxb5 23. Qxb5 Nxe5 $16) 22... Qxd7 23. f4) 21... Qc5 $14 22. Bxd7 Qxf2+ 23. Kh1 Qxf4 24. Bxg4 Qxg4 25. Qxd5 Rbd8 {[%emt 0:00:01] Inhibits e6.} 26. Qe4 (26. Qb3 $14) 26... Qe6 $11 (26... Qxe4 {simplifies} 27. Nxe4 Rd5 28. Nf6+ Bxf6 29. exf6 Rxe1+ 30. Rxe1 h5) 27. Rad1 h5 (27... Rxd1 {simplifies} 28. Rxd1 Bf8 29. Ne2 Qxe5 30. Qxe5 Rxe5 31. Nf4 b5) 28. Ne2 Bh4 $2 {[%emt 0:00:02][%mdl 8192] [#]} 29. Qxh4 $18 {[%emt 0:00:02] White is clearly winning.} Rxd1 30. Rxd1 Qxe5 31. Nd4 Kg7 32. Qf2 b5 33. Rf1 f5 34. Nf3 Qe4 35. Qd4+ Kh6 36. Qxe4 fxe4 37. Nd4 e3 38. Kg1 {[%emt 0:00:02] Prevents b4.} Re5 39. Re1 g5 40. Nc2 e2 41. Nd4 {[%emt 0:00:01] Weighted Error Value: White=0.25 (precise) /Black=0.51} 1-0

[Event "4th Tata Steel India Blitz Women 2022"]
[Site "Kolkota"]
[Date "2022.12.04"]
[Round "13.4"]
[White "Ushenina, Anna"]
[Black "Dzagnidze, Nana"]
[Result "1-0"]
[ECO "E01"]
[WhiteElo "2454"]
[BlackElo "2517"]
[Annotator "TA"]
[PlyCount "87"]
[EventDate "2022.11.29"]
[EventType "tourn"]
[EventCountry "IND"]
[SourceTitle "playchess.com"]
[Source "ChessBase"]
[SourceQuality "1"]
[TimeControl "180+2"]

1. d4 e6 2. c4 d5 3. Nc3 Nf6 4. Nf3 c6 5. g3 Nbd7 6. Bg2 dxc4 7. O-O Be7 8. a4 O-O 9. a5 {[%emt 0:00:01] E01: Catalan: Early deviations.} Bb4 10. Qa4 $1 Qe7 11. Na2 {[%emt 0:00:23] White is slightly better.} Bd6 12. Qxc4 e5 13. Nc3 exd4 14. Nxd4 Ne5 15. Qb3 a6 16. Rd1 {[%emt 0:00:01] [#]} Bc7 $146 ({Predecessor:} 16... Bc5 17. Bg5 Bxd4 18. Rxd4 h6 19. Bxf6 Qxf6 20. Rf4 Qe7 21. Re4 Bf5 22. Re3 Qc7 23. Qb4 Rae8 24. Qf4 Bc8 {0-1 (50) Bounena,C-Chavez,R (2250) Thessaloniki 1988}) 17. Qc2 {[%emt 0:00:09] White is more active.} (17. f4 $14) 17... Rd8 $11 18. h3 (18. Bg5 {looks sharper.} Neg4 19. h3 h6 20. Bf4) 18... h6 19. f4 Nc4 (19... Nh5 $5 ) 20. e4 Bxa5 21. e5 (21. Nce2 $5 c5 22. Qxc4 $14) 21... Nd5 (21... Rxd4 $11 {and Black is okay.} 22. Rxd4 Bb6) 22. Nxd5 $18 {[%emt 0:00:17][%mdl 64] Discovered Attack} cxd5 23. b3 Bb6 24. bxc4 dxc4 25. Be3 (25. Qxc4 Be6 26. Qc3 Bb3 $18) 25... Be6 26. Kh2 Rab8 27. Rab1 Bxd4 28. Bxd4 (28. Rxd4 Qa3 $18) 28... b5 29. f5 {[%emt 0:00:08][%cal Bf4f5,Bf5f6,Bf6g7][%mdl 32] Prevents b4.} Bd5 30. f6 Qe6 31. Ba7 $2 (31. Bxd5 $18 Rxd5 32. Bc3) 31... Ra8 (31... Rbc8 $1 $14) 32. Bd4 (32. Be3 $16) 32... Rab8 $1 33. fxg7 {[%emt 0:00:02] Black must now prevent Bc3.} Bxg2 34. Qxg2 {[%emt 0:00:02] The board is on fire.} b4 {[%emt 0:00:01] Inhibits Bc3.} 35. Qe4 c3 {[%emt 0:00:03][%cal Bc4c3,Bc3c2][%mdl 32] Threatens to win with ...Qa2+.} 36. Rf1 (36. Be3 $1 $16) 36... Qc4 {[%emt 0:00:03][%mdl 8192] [#]} (36... c2 $11 37. Rbe1 (37. Qxc2 Rxd4 38. Rf2 Rbd8 $17) 37... b3) 37. e6 $1 Qxe6 38. Qxe6 (38. Be5 Rb5 39. Rbd1 Re8 $19) 38... fxe6 {[%emt 0:00:01] [#]} 39. Rf4 (39. Rxb4 $3 $18 Rxb4 (39... Rbc8 40. Be3) 40. Rf8+ Rxf8 41. gxf8=Q+ Kxf8 42. Bc5+ Kf7 43. Bxb4) 39... c2 $17 40. Rbf1 {[%emt 0:00:02] [#] Strongly threatening Bb2.} Rxd4 41. Rxd4 (41. Rf8+ Kxg7 42. R8f7+ Kh8 $19) 41... b3 {[%emt 0:00:01][%cal Ob3b2] aiming for ...b2!} 42. Rc4 b2 ({Don't play} 42... Kxg7 $6 43. Rc7+ Kg8 44. Rff7 $11) (42... Rb7 $17 {And now ...Rf7 would win.} 43. Rc1 a5 44. R4xc2 bxc2 45. Rxc2 a4 46. Rc8+ Kxg7) 43. Rxc2 $11 {[%emt 0:00:01][%cal Of1f8] Rf8+! is the strong threat.} b1=Q (43... b1=B $2 44. Rc7 $18) 44. Rc8+ {[%emt 0:00:02][%mdl 32832] What a bad dream for Black.   Weighted Error Value: White=0.35/Black=0.24 (precise) . Loss on time!?} 1-0

[Event "4th Tata Steel India Blitz Women 2022"]
[Site "Kolkota"]
[Date "2022.12.04"]
[Round "13.5"]
[White "Harika, Dronavalli"]
[Black "Koneru, Humpy"]
[Result "1/2-1/2"]
[ECO "A15"]
[WhiteElo "2507"]
[BlackElo "2574"]
[Annotator "TA"]
[PlyCount "34"]
[EventDate "2022.11.29"]
[EventType "tourn"]
[EventCountry "IND"]
[SourceTitle "playchess.com"]
[Source "ChessBase"]
[SourceQuality "1"]
[TimeControl "180+2"]

1. c4 Nf6 2. g3 e6 3. Bg2 Be7 4. Nf3 b6 5. Ne5 c6 6. O-O {[%emt 0:00:04] A15: English Opening: 1...Nf6.} O-O 7. d4 Bb7 8. Nc3 {[%emt 0:00:02] White is slightly better.} d6 9. Nd3 d5 10. cxd5 cxd5 11. Bf4 Nc6 12. Ne5 {[%emt 0:00:02] [#]} Nh5 $146 ({Predecessor:} 12... Na5 13. Rc1 Rc8 14. Rc2 Ba6 15. a4 Nd7 16. Nd3 Nc6 17. Be3 Bxd3 18. exd3 Nb4 {0-1 (57) Csala,I (2267)-Chernyshov,K (2549) Harkany 2002}) 13. Nxc6 Bxc6 14. Bd2 Nf6 15. Bf4 Nh5 16. Bd2 Nf6 17. Bf4 Nh5 {[%emt 0:00:01] An uneventful encounter.   Weighted Error Value: White=0.08 (flawless) /Black=0.07 (flawless)} 1/2-1/2

[Event "4th Tata Steel India Blitz Women 2022"]
[Site "Kolkota"]
[Date "2022.12.04"]
[Round "14.1"]
[White "Koneru, Humpy"]
[Black "Savitha Shri B"]
[Result "0-1"]
[ECO "E60"]
[WhiteElo "2574"]
[BlackElo "2411"]
[Annotator "TA"]
[PlyCount "68"]
[EventDate "2022.11.29"]
[EventType "tourn"]
[EventCountry "IND"]
[SourceTitle "playchess.com"]
[Source "ChessBase"]
[SourceQuality "1"]
[TimeControl "180+2"]

1. Nf3 Nf6 2. b3 g6 3. Bb2 Bg7 4. g3 d6 5. d4 O-O 6. Bg2 Nbd7 7. c4 c6 8. O-O Qc7 9. Nc3 Rd8 {[%emt 0:00:02] E60: King's Indian: Unusual lines and Fianchetto Variation without Nc3.} 10. e4 e5 11. Qc2 a5 (11... b5 $11) 12. Rad1 exd4 13. Nxd4 Nc5 14. h3 Ne6 (14... Nfd7 $14) 15. Nde2 {[%emt 0:00:16] [#]} b6 $146 ({Predecessor:} 15... Nc5 16. Kh2 h5 17. Rd2 h4 18. Rfd1 hxg3+ 19. fxg3 Ne8 20. Nf4 Be5 21. Nce2 Be6 {0-1 (47) Ianov,V (2279)-Oro,L (2255) Chess.com INT 2022}) 16. f4 Nc5 17. Kh2 Bb7 18. Nd4 Re8 19. Rfe1 Rad8 20. a3 Ne6 21. Nf3 (21. Na4 $16) 21... Nc5 22. Nd2 Qb8 23. b4 axb4 24. axb4 Na6 25. b5 cxb5 26. Nxb5 (26. cxb5 {simplifies} Nc5 27. Na4 Nxa4 28. Qxa4 Re6 29. Nb3) 26... Nc5 27. e5 (27. Qb1 $14) 27... dxe5 $15 28. Bxe5 Qc8 ({Better is} 28... Nd3 $1 $15 29. Bxb8 Nxe1 30. Rxe1 Rxe1) 29. Nd6 $2 {[%emt 0:00:03] [#] White does not recover from this.} (29. Bxb7 $11 Nxb7 30. Nf3) 29... Rxd6 $1 $19 {[%emt 0:00:01][%mdl 512] The board is on fire.} 30. Bxd6 Bxg2 31. Kxg2 {[%emt 0:00:01] And now Nf3 would win.} Qc6+ 32. Nf3 Rxe1 {[%emt 0:00:02][%mdl 64] Deflection} 33. Rxe1 {[%emt 0:00:02] [#] Strongly threatening Bxc5.} Qxd6 34. Qe2 Nfe4 {[%emt 0:00:05] Weighted Error Value: White=0.41/Black=0.13 (very precise)} 0-1

[Event "4th Tata Steel India Blitz Women 2022"]
[Site "Kolkota"]
[Date "2022.12.04"]
[Round "14.2"]
[White "Dzagnidze, Nana"]
[Black "Harika, Dronavalli"]
[Result "1-0"]
[ECO "A41"]
[WhiteElo "2517"]
[BlackElo "2507"]
[Annotator "TA"]
[PlyCount "53"]
[EventDate "2022.11.29"]
[EventType "tourn"]
[EventCountry "IND"]
[SourceTitle "playchess.com"]
[Source "ChessBase"]
[SourceQuality "1"]
[TimeControl "180+2"]

1. d4 g6 2. g3 Bg7 3. Bg2 d6 4. c4 Nd7 5. Nc3 e5 6. Nf3 Ne7 7. O-O O-O 8. e3 f5 {[%emt 0:00:41] [#] A41: 1 d4 d6: Tartakower System and Modern Defence.} 9. c5 $146 ({Predecessor:} 9. b4 a5 10. bxa5 e4 11. Nd2 Rxa5 12. a4 Nf6 13. Nb3 Ra8 14. a5 Be6 15. Ra4 c6 16. Ba3 {1-0 (38) Riazantsev,A (2646)-Efanov,N (2399) Minsk 2015}) 9... h6 {[%emt 0:00:08] Prevents Ng5.} (9... e4 $5 10. cxd6 cxd6 $11) 10. cxd6 cxd6 {[%emt 0:00:01] White has an edge.} 11. dxe5 dxe5 12. b3 Kh7 (12... e4 $1 $11 13. Nd4 Ne5) 13. Ba3 (13. e4 $14) 13... Bf6 (13... e4 $1 $11 14. Nd4 Ne5) 14. Rc1 {[%emt 0:00:08] White is much more active.} ({White should try} 14. e4) 14... Qa5 15. Qd6 {[%emt 0:00:43] And now Rfd1 would win.} Rf7 {[%emt 0:00:28] [#]} (15... e4 $16) 16. Rfd1 (16. e4 $1 $18 {has better winning chances.}) 16... e4 $16 17. Nd4 Be5 $2 {[%emt 0:00:09][%mdl 8192] Loses the game.} (17... Ne5 $16) 18. Qe6 $1 $18 Rg7 19. Bxe7 Bxd4 (19... Nf6 $142) 20. exd4 {[%emt 0:00:07] [#] Threatens to win with Nd5.} Nc5 21. Qe5 (21. Bxc5 $2 {perishes.} Bxe6 22. b4 Qa3 $19) 21... Nxb3 22. axb3 Qxe5 23. dxe5 Rxe7 24. Nd5 Rxe5 25. Rc7+ {[%emt 0:00:01] White mates.} Kg8 26. Nf6+ Kf8 27. Rd8+ {[%emt 0:00:01] Weighted Error Value: White=0.28 (precise) /Black=1.20} 1-0

[Event "4th Tata Steel India Blitz Women 2022"]
[Site "Kolkota"]
[Date "2022.12.04"]
[Round "14.3"]
[White "Muzychuk, Mariya"]
[Black "Vaishali, Rameshbabu"]
[Result "1/2-1/2"]
[ECO "C54"]
[WhiteElo "2528"]
[BlackElo "2454"]
[Annotator "TA"]
[PlyCount "89"]
[EventDate "2022.11.29"]
[EventType "tourn"]
[EventCountry "IND"]
[SourceTitle "playchess.com"]
[Source "ChessBase"]
[SourceQuality "1"]
[TimeControl "180+2"]

1. e4 e5 2. Nf3 Nc6 3. Bc4 Nf6 4. d3 Bc5 5. O-O a6 6. c3 d6 7. a4 h6 8. Re1 $1 {[%emt 0:00:30] 8.Re1 scores better than 8.Nbd2. C54: Giuoco Piano: 4 c3 Nf6, main lines with 5 d4 and 5 d3.} Ba7 9. Nbd2 O-O 10. Nf1 {[%emt 0:00:32] The position is equal.} Be6 11. Ng3 {[%emt 0:00:03] [#]} (11. Bxe6 $142 fxe6 12. Be3) 11... a5 $146 (11... Nxe4 $142 $1 12. Nxe4 (12. Rxe4 d5 $17) 12... d5) ({Predecessor:} 11... Bxc4 12. dxc4 Qd7 13. h3 Kh7 14. a5 Nd8 15. Qc2 Ne6 16. Nf5 Rad8 17. b3 Rfe8 {½-½ (52) Sivuk,V (2520)-Shuvalova,P (2387) Moscow 2017}) 12. Bb5 $11 Ne7 13. d4 Ng6 14. h3 c6 15. Bd3 Re8 16. Be3 Nh7 17. Qc2 Nh4 18. Nxh4 (18. dxe5 $2 {loses.} Nxf3+ 19. gxf3 Ng5 20. Bxg5 Qxg5 $19) 18... Qxh4 19. d5 Bd7 20. Bxa7 Rxa7 21. Qe2 Ng5 22. Qe3 c5 (22... Raa8 $11) 23. Bb5 $16 b6 24. Bxd7 Rxd7 25. Nf5 {[%emt 0:00:03] Prevents g6.} Qh5 26. h4 $36 {[%emt 0:00:01][%mdl 2048] Inhibits g6. White has strong initiative.} Nh7 27. Qh3 {[%emt 0:00:05] [#] Hoping for Ng3.} Rdd8 (27... Nf6 $16) 28. f3 Qg6 29. Kf2 (29. b4 $18) 29... Qf6 (29... h5 $16 30. g3 Qf6) 30. g4 (30. Rg1 $18) 30... Rb8 (30... g6 $16) 31. c4 $2 (31. g5 $18 {is more deadly.} Qd8 32. Rg1 (32. gxh6 g6 $18)) 31... Nf8 $2 (31... Qd8 $16 {was called for.}) 32. Rg1 (32. g5 $1 $18 {[%cal Rg5f6] and the rest is easy.} Qd8 33. gxh6) 32... Qd8 33. g5 h5 34. Ng3 {[%emt 0:00:15][%cal Bf5g3,Bg3e2,Be2c3,Bc3b5][%mdl 32] White has more active pieces.} g6 35. Ne2 (35. Ke3 {keeps more tension.} Qd7 36. Qh2 Qe7 37. Ne2) 35... Qc8 36. Qxc8 Rexc8 37. b3 Nd7 38. Nc3 {[%emt 0:00:00] And now Nb5 would win.} Kf8 $1 39. Nb5 Ke7 40. Ke3 (40. Na7 $5 ) 40... Ra8 {[%emt 0:00:02] Against Na7} 41. Rg2 Rf8 42. Rag1 Rg8 43. Rg3 Rgf8 44. R3g2 Rg8 $1 45. Rg3 {[%emt 0:00:00] Blacks defense is rewarded with a draw.   Weighted Error Value: White=0.18 (very precise) /Black=0.20 (precise)} (45. Na3 $14) 1/2-1/2

[Event "4th Tata Steel India Blitz Women 2022"]
[Site "Kolkota"]
[Date "2022.12.04"]
[Round "14.4"]
[White "Kulkarni Bhakti"]
[Black "Ushenina, Anna"]
[Result "1/2-1/2"]
[ECO "D40"]
[WhiteElo "2359"]
[BlackElo "2454"]
[Annotator "TA"]
[PlyCount "64"]
[EventDate "2022.11.29"]
[EventType "tourn"]
[EventCountry "IND"]
[SourceTitle "playchess.com"]
[Source "ChessBase"]
[SourceQuality "1"]
[TimeControl "180+2"]

1. d4 d5 2. c4 dxc4 3. Nf3 Nf6 4. e3 e6 5. Bxc4 c5 6. O-O Nc6 7. Nc3 a6 8. dxc5 Qxd1 9. Rxd1 Bxc5 10. a3 O-O 11. b4 Be7 {[%emt 0:00:09] D40: Queen's Gambit Declined: Semi-Tarrasch with 5 e3.} 12. Bb2 Bd7 13. Rac1 Rfd8 {[%emt 0:00:04] [#]} 14. Bb3 $146 ({Predecessor:} 14. Ne2 Rac8 15. Bb3 Ng4 16. h3 Bf6 17. Ned4 Nge5 18. Nxe5 Nxe5 19. f4 Rxc1 20. Bxc1 {0-1 (56) Lycett,G (1652)-Le,T (1971) Box Hill 2001}) 14... Be8 15. Na4 Rxd1+ 16. Rxd1 b5 17. Nc5 (17. Nc3 {simplifies} Rb8 18. Nd4 Nxd4 19. Rxd4 Ra8 20. Nb1) 17... a5 18. Ne5 axb4 19. Nxc6 {[%emt 0:00:13][%mdl 64] [#] Remove Defender} Bxc6 (19... Bxc5 {simplifies} 20. Nxb4 Ne4 21. g3 Be7) 20. axb4 Nd5 21. Bxd5 Bxd5 22. Ra1 Rc8 23. Bd4 {[%emt 0:00:09] The position is equal.} f6 24. Ra7 {[%emt 0:00:04] Against e5} Bf8 25. f4 {[%emt 0:00:05] Prevents e5.} Re8 26. Kf2 Bc4 27. g3 h6 28. Ra6 e5 29. fxe5 fxe5 30. Bc3 Bxc5 31. bxc5 Rc8 (31... b4 $5 32. Ra4 $8 Rf8+ 33. Kg1 Rf1+ 34. Kg2 Rc1 35. Bxe5 (35. Rxb4 $2 {perishes.} Rxc3 36. h4 Bd5+ 37. Kf2 Rxc5 $19) 35... Bd5+ 36. Kf2 Rc2+ 37. Ke1 b3 $11) 32. Bxe5 Rxc5 {[%emt 0:00:01] Weighted Error Value: White=0.04 (flawless) /Black=0.05 (flawless)} 1/2-1/2